 Dungeon Crawl Stone Soup version 0.31-a0-145-g046c7d2549 (webtiles) character file.

Game seed: 5381815337551263224

8111 mopl the Carver (level 11, 0/87 HPs)
             Began as a Merfolk Fighter on June 5, 2023.
             Was a Follower of Okawaru.
             Slain by a yak (2 damage)
             ... on level 10 of the Dungeon.
             The game lasted 00:17:50 (10806 turns).

mopl the Carver (Merfolk Fighter)                  Turns: 10806, Time: 00:17:51

Health: 0/87       AC: 11    Str: 22    XL:     11   Next: 25%
Magic:  0/12       EV: 16    Int:  3    God:    Okawaru [*.....]
Gold:   131        SH:  0    Dex: 23    Spells: 10/10 levels left

rFire   . . .        a - +0 great sword
rCold   + . .        (shield currently unavailable)
rNeg    . . .        l - +1 scale mail of Vlad {Str+2 Int-5 Dex+3}
rPois   .            N - +2 hat
rElec   .            B - +0 cloak {Will+}
rCorr   .            (no gloves)
SInv    .            (no boots)
Will    +....        P - amulet of guardian spirit
Stlth   +            w - +6 ring of dexterity
HPRegen 0.34/turn    L - ring of protection from cold
MPRegen 0.13/turn

%: guardian spirit
@: mighty
A: (nimble swimmer 2), mertail
a: Renounce Religion, Heroism


You were on level 10 of the Dungeon.
You worshipped Okawaru.
Okawaru was aware of your devotion.
You visited 2 branches of the dungeon, and saw 11 of its levels.
You also visited: Ossuary.

You collected 535 gold pieces.
You spent 404 gold pieces at shops.

Inventory:

Hand Weapons
 a - a +0 great sword (weapon)
 i - a +0 long sword
Missiles
 A - 10 boomerangs
 F - 21 poisoned darts (quivered)
Armour
 c - a +0 buckler
 l - the +1 scale mail of Vlad (worn) {Str+2 Int-5 Dex+3}
   (You found it on level 2 of the Dungeon)

   Str:       It affects your strength (+2).
   Int:       It affects your intelligence (-5).
   Dex:       It affects your dexterity (+3).
 o - an orb of light
 B - a +0 cloak of willpower (worn)
 N - a +2 hat (worn)
Jewellery
 w - a +6 ring of dexterity (left hand)
 G - an amulet of magic regeneration
 L - a ring of protection from cold (right hand)
 P - an amulet of guardian spirit (around neck)
Wands
 y - a wand of charming (3)
 C - a wand of light (5)
 J - a wand of mindburst (10)
 K - a wand of iceblast (4)
 Q - a wand of polymorph (4)
Scrolls
 e - a scroll of teleportation {unknown}
 j - 2 scrolls of fear {unknown}
 k - a scroll of blinking {unknown}
 m - 3 scrolls of silence {!r}
 n - 2 scrolls of poison {unknown}
 p - 3 scrolls of fog {unknown}
 q - a scroll of amnesia
 s - 3 scrolls of magic mapping
 t - 2 scrolls of vulnerability {unknown}
 u - a scroll of torment {unknown}
 x - 2 scrolls of enchant armour
 D - a scroll of immolation {unknown}
 O - 3 scrolls of enchant weapon
Potions
 b - 3 potions of enlightenment {unknown}
 d - a potion of might
 f - 4 potions of heal wounds
 g - 2 potions of curing {unknown}
 h - a potion of invisibility
 r - a potion of mutation {!q}
 v - 2 potions of brilliance
 z - 2 potions of resistance
 E - 2 potions of magic
 H - a potion of lignification {!q}
 I - a potion of haste
 M - a potion of cancellation


   Skills:
 + Level 8.3 Fighting
 * Level 11.7 Long Blades
 + Level 5.3 Throwing
 + Level 5.6 Armour
 + Level 8.8 Dodging
 - Level 3.0 Shields
 + Level 1.6 Invocations
 + Level 5.1 Evocations


You had 10 spell levels left.
You didn't know any spells.
Your spell library contained the following spells:

 Spells                   Type           Power      Damage    Failure   Level
 Freeze                   Ice            0%         1d3       83%         1
 Magic Dart               Conj           0%         1d3       83%         1
 Searing Ray              Conj           0%         2d4       92%         2
 Static Discharge         Conj/Air       0%         2-2/arc   92%         2
 Frozen Ramparts          Ice            0%         1d1       99%         3
 Hailstorm                Conj/Ice       0%         3d3       99%         3
 Airstrike                Air            0%         2d(0-16)  100%        4
 Fulminant Prism          Conj/Hex       0%         3d5       100%        4
 Summon Lightning Spire   Summ/Air       Unusable   N/A       N/A         4

Dungeon Overview and Level Annotations

Branches:
Dungeon (10/15)            Temple (1/1) D:6            Lair (0/5) D:8
Ossuary (visited)
    Orc: D:9-12

Altars:
Ashenzari
Cheibriados
Dithmenos
Elyvilon
Fedhas
Gozag
Hepliaklqana
Kikubaaqudgha
Makhleb
Nemelex Xobeh
Okawaru
Qazlal
Ru
Sif Muna
Trog
Uskayaw
Vehumet
Wu Jian
Xom
Yredelemnul
Zin
The Shining One

Shops:
D:1 *[[

Annotations:
D:4 1 runed translucent door, Crazy Yiuf
D:6 3 runed translucent doors, FlatIsJustice's ghost, amateur DEEE


Innate Abilities, Weirdness & Mutations

((You are very nimble when in or above water. (Stealth+, EV+, Speed+++)))
Your lower body shifts to a powerful aquatic tail in water.


Message History

Unknown command.
You barely miss the yak.
The yak is almost dead.
The yak barely misses you. The yak misses you. The yak closely misses you. x2
The yak gores you but does no damage. The yak barely misses you.
Unknown command.
You slice the yak!!
You kill the yak!
Okawaru accepts your kill.
You can now gain great but temporary skills.
The yak misses you. x2
Unknown command.
You slice the yak!!
The yak is almost dead.
The yak closely misses you. The yak gores you. x2
* * * LOW HITPOINT WARNING * * *
Unknown command.
You barely miss the yak.
The yak is almost dead.
The yak misses you. The yak gores you but does no damage. The yak misses you.
Unknown command.
You slash the yak!
You kill the yak!
Okawaru accepts your kill. The yak misses you. The yak gores you.
* * * LOW HITPOINT WARNING * * *
You barely miss the yak. The yak barely misses you. The yak gores you.
* * * LOW HITPOINT WARNING * * *
The yak gores you but does no damage.
You barely miss the yak. The yak barely misses you.
The yak completely misses you. The yak gores you.
* * * LOW HITPOINT WARNING * * *
You slash the yak!
The yak is moderately wounded.
The yak closely misses you. The yak gores you.
* * * LOW HITPOINT WARNING * * *
The yak gores you!
* * * LOW HITPOINT WARNING * * *
The yak barely misses you. The yak completely misses you. The yak gores you.
You die...

## }# .# .##
.. # Y#
#.#####Y#
#..<.Y@Y#
.........####
..........#
#########.#
.# .# .# .#


You could see 4 yaks.

Vanquished Creatures
  A two-headed ogre (D:9)
  A troll (D:7)
  Prince Ribbit (D:8)
  3 slime creatures
  12 yaks
  A wyvern (D:9)
  A steam dragon (D:6)
  A water moccasin (D:7)
  A sky beast (D:6)
  5 black bears
  4 ogres
  An ice beast (D:6)
  5 centaurs
  A phantom (D:5)
  8 bullfrogs
  2 kobold brigands
  A scorpion (D:6)
  2 wyvern zombies (Ossuary)
  9 killer bees
  2 electric eels (D:8)
  A bullfrog zombie (Ossuary)
  3 hounds
  A centaur zombie (Ossuary)
  3 orc priests
  A gnoll bouda (D:7)
  A sleepcap (D:5)
  4 iguanas
  Terence (D:2)
  Natasha (thrice) (D:3)
  6 orc wizards
  5 killer bee zombies (Ossuary)
  12 mummies (Ossuary)
  2 howler monkey zombies (Ossuary)
  5 gnolls (D:7)
  9 adders
  A worm (D:2)
  A dart slug (D:3)
  15 orcs
  3 endoplasms
  2 giant cockroaches
  7 goblins
  7 hobgoblins
  3 jackals (D:1)
  2 quokkas
  2 ball pythons
  6 bats
  11 frilled lizards
  10 kobolds
  A kobold zombie (D:4)
  4 rats
194 creatures vanquished.

Vanquished Creatures (collateral kills)
  A troll (D:8)
  An orc warrior (D:8)
  3 wolves (D:8)
  3 hounds (D:8)
  2 orcs (D:8)
  2 kobolds (D:8)
12 creatures vanquished.

Vanquished Creatures (others)
  A wolf (D:8)
  2 electric eels (D:8)
3 creatures vanquished.

Grand Total: 209 creatures vanquished

Notes
Turn   | Place    | Note
-------+----------+-------------------------------------------
     0 | D:1      | mopl the Merfolk Fighter began the quest for the Orb.
     0 | D:1      | Reached XP level 1. HP: 18/18 MP: 1/1
   143 | D:1      | Reached XP level 2. HP: 18/24 MP: 2/2
   319 | D:1      | Found Banaott's Antique Armour Shoppe.
   381 | D:1      | Found Qamyonk's Armour Emporium.
   407 | D:1      | Reached skill level 1 in Dodging
   428 | D:1      | Reached skill level 3 in Long Blades
   576 | D:1      | Found Maxetogg's Magic Scroll Shoppe.
   580 | D:1      | Bought a scroll of identify for 20 gold pieces
   642 | D:1      | Found Ocogg's General Store.
   673 | D:1      | Reached XP level 3. HP: 29/29 MP: 3/3
  1084 | D:2      | Identified the +1 scale mail of Vlad {Str+2 Int-5 Dex+3}
  1195 | D:2      | Reached XP level 4. HP: 37/37 MP: 4/4
  1279 | D:2      | Found a faded altar of an unknown god.
  1484 | D:2      | Noticed Terence
  1491 | D:2      | Killed Terence
  1492 | D:2      | Reached skill level 4 in Long Blades
  1492 | D:2      | Reached skill level 2 in Dodging
  1578 | D:1      | Bought a scroll of noise for 10 gold pieces
  1618 | D:1      | Bought a potion of degeneration for 14 gold pieces
  1658 | D:1      | Bought a scroll of amnesia for 40 gold pieces
  1953 | D:3      | Found a snail-covered altar of Cheibriados.
  2183 | D:3      | Noticed Natasha
  2195 | D:3      | Killed Natasha
  2196 | D:3      | Reached skill level 4 in Fighting
  2196 | D:3      | Reached XP level 5. HP: 33/42 MP: 5/5
  2285 | D:3      | Noticed Natasha
  2295 | D:3      | Killed Natasha
  2532 | D:3      | Noticed Natasha
  2540 | D:3      | Killed Natasha
  3032 | D:4      | Found a sand-covered staircase.
  3044 | Ossuary  | Entered an ossuary
  3055 | Ossuary  | Reached skill level 3 in Dodging
  3061 | Ossuary  | Reached skill level 5 in Long Blades
  3061 | Ossuary  | Reached XP level 6. HP: 26/49 MP: 6/6
  3127 | Ossuary  | Reached skill level 3 in Armour
  3262 | Ossuary  | Reached XP level 7. HP: 55/55 MP: 7/7
  3315 | Ossuary  | Reached skill level 6 in Long Blades
  3315 | Ossuary  | Reached skill level 4 in Dodging
  3423 | Ossuary  | Reached skill level 5 in Fighting
  3896 | D:4      | Found a runed translucent door.
  3897 | D:4      | Noticed Crazy Yiuf
  4099 | D:4      | You fall into a shaft and drop 1 floor!
  4099 | D:5      | Entered Level 5 of the Dungeon
  4392 | D:5      | Reached skill level 7 in Long Blades
  4392 | D:5      | Reached XP level 8. HP: 58/63 MP: 8/8
  4448 | D:5      | Reached skill level 5 in Dodging
  4686 | D:5      | Found a basalt altar of Yredelemnul.
  4860 | D:5      | Reached skill level 1 in Throwing
  4860 | D:5      | Reached skill level 4 in Armour
  4860 | D:5      | Reached skill level 1 in Evocations
  4961 | D:5      | Reached skill level 8 in Long Blades
  4994 | D:6      | Reached skill level 6 in Fighting
  5047 | D:6      | Reached skill level 6 in Dodging
  5047 | D:6      | Reached XP level 9. HP: 69/69 MP: 9/9
  5239 | D:6      | Reached skill level 2 in Throwing
  5239 | D:6      | Reached skill level 2 in Evocations
  5520 | D:6      | Found a runed translucent gate.
  5520 | D:6      | Found a runed translucent gate.
  5520 | D:6      | Found a runed translucent gate.
  5558 | D:6      | Found a staircase to the Ecumenical Temple.
  5603 | Temple   | Entered the Ecumenical Temple
  6605 | D:6      | Noticed FlatIsJustice's ghost (amateur DEEE)
  6684 | D:7      | Reached skill level 9 in Long Blades
  6970 | D:7      | Noticed a troll
  6980 | D:7      | Killed a troll
  6981 | D:7      | Reached skill level 3 in Throwing
  7123 | D:7      | Reached skill level 3 in Evocations
  7295 | D:7      | Reached skill level 7 in Dodging
  7311 | D:7      | HP: 3/71 [poisoned by a killer bee]
  7609 | D:7      | Reached skill level 7 in Fighting
  7668 | D:7      | Reached XP level 10. HP: 61/79 MP: 10/10
  7869 | D:8      | Noticed Prince Ribbit
  7869 | D:8      | Found a staircase to the Lair.
  7880 | D:8      | Reached skill level 10 in Long Blades
  7894 | D:8      | Reached skill level 5 in Armour
  7896 | D:8      | Reached skill level 4 in Throwing
  8423 | D:8      | Reached skill level 4 in Evocations
  8669 | D:8      | Killed Prince Ribbit
  8692 | D:8      | Reached skill level 8 in Dodging
  8821 | D:8      | Reached skill level 11 in Long Blades
  9185 | D:7      | Reached skill level 8 in Fighting
  9792 | D:1      | Bought a scroll of enchant weapon for 75 gold pieces
  9792 | D:1      | Bought a scroll of enchant armour for 75 gold pieces
  9792 | D:1      | Bought a scroll of magic mapping for 75 gold pieces
  9792 | D:1      | Bought a scroll of silence for 95 gold pieces
 10264 | D:9      | Reached XP level 11. HP: 83/86 MP: 11/11
 10318 | D:9      | Found an ancient bone altar of Kikubaaqudgha.
 10318 | D:9      | Found an iron altar of Okawaru.
 10319 | D:9      | Found a hazy altar of Hepliaklqana.
 10325 | D:9      | Became a worshipper of Warmaster Okawaru
 10373 | D:9      | Reached skill level 5 in Throwing
 10629 | D:9      | Noticed a two-headed ogre
 10638 | D:9      | Killed a two-headed ogre
 10639 | D:9      | Reached skill level 1 in Invocations
 10778 | D:10     | Entered Level 10 of the Dungeon
 10791 | D:10     | Reached skill level 5 in Evocations
 10800 | D:10     | Reached * piety under Okawaru
 10806 | D:10     | HP: 2/87 [yak (9)]
 10806 | D:10     | Slain by a yak

Illustrated notes

Levels and vault maps discovered:
D:1:      dpeg_arrival_three_same_balls, layout_loops_corners, serial_shops,
          nicolae_shop_hallway_plus, shop, nicolae_shop_rolled_up,
          nicolae_shop_tiny_waterfront, serial_park_tiny_1
D:2:      layout_basic, ebering_ecumenical_altar_abandoned,
          minmay_misc_feat_columns, minmay_lizard_pond, uniq_terence
D:3:      layout_basic, nicolae_overflow_hidden_temple, uniq_natasha
D:4:      layout_basic, serial_rivers, chequers_serial_rivers_small_a,
          chequers_serial_rivers_small_3, chequers_serial_rivers_room_a,
          chequers_serial_rivers_large_b, enter_ossuary_3,
          hangedman_decor_opposing, uniq_crazy_yiuf_cottage
D:5:      nicolae_BIG_FREAKIN_CUBE, layout_basic, mainiacjoe_overflow_catwalk
D:6:      layout_layer_cave, temple_fountains, gammafunk_ghost_icy
D:7:      layout_gridville
D:8:      wander_river, layout_rooms, erik_lair_island, uniq_prince_ribbit1
D:9:      layout_cross, gammafunk_temple_overflow_claw
D:10:     layout_loops_ring, david_orc_1_choice
Temple:   minmay_crystal_spiral_temple

Skill      XL: |  1  2  3  4  5  6  7  8  9 10 11 |
---------------+----------------------------------+-----
Dodging        | 1 2 3 4 6 7 8 |  8.8
Long Blades    | 3 4 5 7 8 9 11 | 11.7
Fighting       | 4 5 6 7 8 |  8.3
Armour         | 3 4 5 |  5.6
Throwing       | 1 3 4 5 |  5.3
Evocations     | 1 3 4 5 |  5.1
Invocations    | 1 |  1.6
Shields        | |  3.0

Action                     |  1- 3 |  4- 6 |  7- 9 | 10-12 || total
---------------------------+-------+-------+-------+-------++-------
  Melee: Long sword        |   110 |   131 |   296 |   157 ||   694
         Tailslap          |       |       |    13 |    14 ||    27
         Great sword       |       |       |       |    48 ||    48
  Throw: Boomerang         |       |       |     4 |       ||     4
         Dart              |       |       |       |    40 ||    40
  Evoke: Wand              |       |       |     1 |    12 ||    13
    Use: Potion            |       |       |     1 |     1 ||     2
         Scroll            |       |       |       |     8 ||     8
   Stab: Distracted        |       |       |       |     1 ||     1
 Armour: Scale mail        |    64 |    66 |   133 |    61 ||   324
  Dodge: Dodged            |    50 |    65 |   241 |   222 ||   578
  Block: Buckler           |    25 |       |       |       ||    25

Table legend: (Time is in decaauts)
 A = Elapsed time spent in this place.
 B = Non-inter-level travel time spent in this place.
 C = Inter-level travel time spent in this place.
 D = Time resting spent in this place.
 E = Time spent auto-exploring this place.
 F = Levels seen in this place.
 G = Mean time per level.
                   A        B        C        D        E       F      G
               +--------+--------+--------+--------+--------+-----+--------+
         Total |  10708 |   9549 |   1159 |   2067 |   5514 |  12 |  892.3 |
       Dungeon |   9707 |   8633 |   1074 |   1660 |   5307 |  10 |  970.7 |
        Temple |    210 |    126 |     84 |      0 |    111 |   1 |  210.0 |
       Ossuary |    791 |    791 |      0 |    406 |     96 |   1 |  791.0 |
               +--------+--------+--------+--------+--------+-----+--------+

Top non-repeatable levels by time:
     D:8: 1628 daAuts
     D:6: 1515 daAuts
     D:7: 1351 daAuts
     D:1: 1205 daAuts
     D:3: 1143 daAuts
 Ossuary: 791 daAuts
     D:4: 749 daAuts
     D:9: 724 daAuts
     D:2: 698 daAuts
     D:5: 660 daAuts
  Temple: 210 daAuts
    D:10: 30 daAuts
